Map: Abyssal Reef LE

Players

GeneralHuynh - Winner!

  • Race: Zerg Zerg
  • League: Diamond
  • Spawn Location: 11:00

fruitseller

  • Race: Zerg Zerg
  • League: Diamond
  • Spawn Location: 5:00

VOD

Have the link to the VOD?

Description

Time

  • Played on: Nov. 24, 2017, 5:14 p.m.
  • Length: 21:03
Show
View Real Time Build Order
Export as new Build Order

GeneralHuynh Zerg - Winner!

Build Orders: Pool First, Swarm Host 

Get SALT Encoding   

  12  0:02  Drone  
  13  0:13  Overlord  
  13  0:18  Drone  
  14  0:32  Drone x2  
  16  0:36  Drone  
  17  0:55  Spawning Pool  
  16  0:58  Drone x2  
  18  1:12  Overlord  
  18  1:20  Drone  
  18  1:23  Extractor  
  18  1:29  Drone  
  19  1:45  Spine Crawler  
  19  1:46  Queen  
  20  1:47  Drone  
  20  1:53  Drone, Roach Warren  
  21  2:06  Drone  
  22  2:17  Spine Crawler  
  21  2:27  Spine Crawler  
  20  2:30  Drone  
  20  2:33  Roach  
  23  2:42  Roach  
  19  2:59  Drone x4  
  23  3:08  Roach  
  25  3:20  Drone  
  24  3:32  Ravager  
  25  3:38  Roach  
  25  3:39  Drone x2  
  25  3:40  Drone  
  30  3:45  Extractor  
  29  3:54  Overlord  
  29  4:16  Drone x2  
  31  4:18  Hatchery, Roach  
  32  4:32  Roach  
  34  4:40  Roach  
  36  4:48  Overlord  
  34  5:17  Lair  
  33  5:26  Drone x4  
  33  5:27  Drone x2  
  41  5:35  Roach  
  41  5:41  Queen  
  43  5:45  Drone x2  
  43  5:49  Drone  
  46  6:02  Ravager  
  47  6:04  Ravager x2  
  47  6:06  Drone x3  
  47  6:10  Extractor  
  51  6:26  Drone  
  52  6:34  Spine Crawler  
  52  6:39  Overlord  
  51  6:40  Drone  
  51  6:45  Hydralisk Den  
  51  6:48  Overlord  
  51  6:49  Drone  
  52  6:54  Extractor  
  52  6:55  Spine Crawler  
  52  6:57  Queen  
  52  6:59  Drone x2  
  52  7:00  Overlord  
  51  7:17  Roach x4  
  51  7:27  Roach x4  
  52  7:35  Hydralisk x3, Infestation Pit  
  57  7:47  Drone x2  
  59  7:53  Drone x2  
  61  8:00  Hydralisk x2  
  65  8:08  Drone  
  65  8:09  Overlord  
  65  8:10  Drone  
  67  8:12  Swarm Host  
  70  8:22  Swarm Host x2  
  76  8:33  Swarm Host x2  
  76  8:34  Swarm Host  
  72  8:39  Drone x3  
  72  8:40  Spine Crawler  
  83  8:46  Overlord  
  83  8:52  Hatchery  
  82  8:56  Evolution Chamber, Hydralisk  
  82  8:58  Overlord  
  82  8:59  Overlord  
  83  9:13  Overlord  
  83  9:25  Hydralisk x2, Swarm Host x3  
  83  9:29  Drone x3  
  99  9:37  Drone  
  96  10:16  Swarm Host x4  
  96  10:17  Hydralisk x5  
  116  10:25  Queen  
  116  10:28  Zerg Missile Weapons Level 1  
  108  10:51  Hydralisk x2, Swarm Host x2  
  108  10:52  Roach  
  108  10:53  Roach  
  120  11:10  Roach x2  
  122  11:12  Overlord x4  
  120  11:31  Overlord, Drone x4  
  120  11:32  Drone x4, Spine Crawler  
  124  11:33  Spine Crawler  
  124  11:36  Spine Crawler  
  120  11:49  Evolution Chamber  
  120  11:52  Roach  
  120  11:53  Roach x2  
  118  12:04  Roach x3  
  118  12:08  Drone x3  
  127  12:20  Hydralisk, Swarm Host x2  
  135  12:24  Overseer x4  
  135  12:29  Swarm Host x3  
  144  12:33  Zerg Missile Weapons Level 2  
  144  12:35  Spire  
  144  12:36  Zerg Ground Armor Level 1  
  141  13:18  Extractor  
  141  13:19  Overlord x4, Zergling x2  
  141  13:20  Drone x3, Extractor  
  141  13:21  Drone x3  
  146  13:48  Mutalisk x6  
  146  13:49  Mutalisk x2  
  162  14:01  Drone x3  
  162  14:02  Drone x2  
  140  14:29  Mutalisk x5  
  150  14:43  Hatchery  
  149  14:45  Mutalisk  
  149  14:46  Mutalisk  
  142  15:33  Hydralisk x3, Mutalisk x2  
  142  15:34  Mutalisk  
  152  15:42  Zerg Flyer Weapons Level 1  
  152  15:50  Overlord  
  152  15:51  Drone  
  152  15:54  Overseer  
  153  16:00  Spine Crawler, Spore Crawler  
  151  16:13  Mutalisk x3  
  151  16:14  Hydralisk x2  
  153  16:26  Hydralisk x2  
  153  16:27  Mutalisk  
  149  16:37  Hydralisk x2  
  137  16:45  Drone x2  
  139  16:47  Drone  
  139  16:48  Drone x2, Extractor  
  141  16:56  Hatchery  
  136  17:16  Mutalisk x3  
  142  17:23  Drone x3  
  142  17:26  Overlord, Drone x2  
  142  17:28  Spine Crawler  
  142  17:29  Spine Crawler  
  126  18:00  Overlord, Drone x2  
  126  18:01  Drone x8  
  133  18:30  Mutalisk  
  133  18:31  Hydralisk x4, Mutalisk x3  
  148  18:46  Zerg Flyer Weapons Level 2  
  148  18:49  Spore Crawler  
  148  18:50  Spine Crawler  
  148  18:52  Drone x3, Overlord  
  148  18:54  Mutalisk x2  
  148  18:55  Mutalisk  
  155  19:05  Hatchery  
  154  19:30  Mutalisk  
  154  19:31  Mutalisk x2  
  160  19:39  Extractor  
  160  19:44  Extractor  
  143  20:12  Mutalisk x5  
  152  20:28  Overlord, Drone x2  
  152  20:29  Drone x6  
Show
View Real Time Build Order
Export as new Build Order

fruitseller Zerg 

Build Orders: Pool First 

Get SALT Encoding   

  12  0:01  Drone  
  13  0:10  Extractor  
  13  0:12  Drone  
  13  0:29  Spawning Pool  
  13  0:34  Drone  
  13  0:38  Drone  
  14  0:52  Overlord  
  14  1:16  Metabolic Boost  
  14  1:17  Zergling x4  
  14  1:18  Zergling x2  
  17  1:30  Zergling x2  
  18  1:33  Queen  
  20  1:45  Baneling Nest  
  20  1:47  Zergling x2  
  20  1:52  Zergling x2  
  22  2:01  Zergling x2  
  21  2:31  Baneling  
  21  2:32  Baneling x3  
  21  2:37  Overlord  
  21  2:54  Hatchery  
  18  3:03  Drone x3  
  21  3:15  Drone x3  
  21  3:37  Zergling x4  
  23  3:42  Roach Warren  
  21  4:08  Queen  
  23  4:13  Zergling x8  
  23  4:14  Zergling x4  
  23  4:15  Zergling x2  
  30  4:24  Evolution Chamber, Drone  
  29  4:36  Drone  
  29  4:37  Drone x2  
  32  4:42  Drone  
  33  4:47  Drone  
  33  4:48  Drone  
  35  4:54  Overlord  
  28  5:22  Drone x2  
  28  5:23  Drone x6  
  28  5:25  Roach  
  28  5:28  Roach  
  39  5:33  Roach  
  41  5:39  Zerg Missile Weapons Level 1  
  41  5:44  Drone  
  41  5:46  Roach  
  41  5:49  Overlord  
  44  5:51  Overlord  
  44  5:54  Extractor  
  43  5:57  Extractor  
  43  6:01  Lair  
  42  6:04  Roach  
  44  6:14  Drone x3  
  44  6:15  Drone x3  
  50  6:22  Drone x2  
  52  6:36  Hatchery  
  52  6:38  Overlord x2  
  51  6:56  Roach  
  51  7:01  Roach x6  
  55  7:02  Roach  
  50  7:25  Drone  
  50  7:26  Drone x5  
  50  7:28  Queen  
  57  7:36  Ravager  
  59  7:37  Ravager x5  
  59  7:40  Zergling x2  
  59  7:41  Zergling x6  
  67  7:47  Glial Reconstitution  
  67  7:57  Drone  
  67  7:58  Drone x3  
  71  8:16  Overlord x3  
  71  8:20  Zerg Missile Weapons Level 2  
  61  8:32  Roach  
  61  8:33  Roach  
  57  8:38  Drone x2  
  57  8:39  Drone  
  60  8:42  Drone  
  60  8:43  Drone x5  
  60  8:48  Overseer x2  
  66  8:52  Queen  
  68  8:56  Drone x6  
  68  9:01  Extractor  
  73  9:03  Drone x3  
  76  9:14  Extractor  
  76  9:16  Drone x2, Roach  
  76  9:17  Drone x2, Extractor  
  81  9:19  Roach  
  81  9:22  Roach  
  84  9:25  Overlord x2  
  84  9:50  Roach  
  84  9:51  Roach x6  
  92  10:03  Overlord  
  92  10:04  Overlord x3  
  89  10:10  Roach  
  89  10:11  Roach x3  
  91  10:15  Roach  
  91  10:16  Roach x2  
  91  10:19  Overlord x4  
  97  10:26  Roach x2  
  97  10:28  Queen  
  97  10:43  Roach x6  
  101  11:01  Roach x5  
  111  11:18  Roach x4  
  119  11:27  Spire  
  105  11:42  Hatchery  
  98  11:48  Roach x10  
  114  12:10  Roach x7  
  128  12:29  Ravager  
  131  12:30  Ravager x4  
  133  12:43  Unknown x4  
  133  12:44  Roach  
  133  12:45  Roach x13  
  161  13:07  Drone  
  161  13:08  Drone x6  
  161  13:10  Overlord  
  168  13:28  Queen, Pneumatized Carapace  
  168  13:32  Zerg Flyer Weapons Level 1  
  168  13:33  Mutalisk  
  170  13:34  Mutalisk x2  
  167  13:49  Mutalisk x2  
  167  13:50  Mutalisk x2  
  167  13:51  Overlord  
  167  13:52  Overlord x2  
  175  14:12  Mutalisk x6  
  175  14:13  Mutalisk x2  
  168  14:31  Mutalisk x5  
  154  14:47  Mutalisk x3  
  154  14:48  Mutalisk  
  162  14:54  Overlord x3  
  160  15:14  Mutalisk x2  
  160  15:15  Mutalisk  
  146  15:47  Mutalisk  
  146  15:48  Mutalisk x4  
  146  15:49  Hatchery  
  155  16:22  Extractor  
  155  16:24  Extractor  
  133  16:35  Mutalisk x4  
  133  16:36  Mutalisk x2  
  117  16:47  Zergling x2  
  117  16:48  Zergling x16  
  122  17:26  Hydralisk Den  
  102  18:02  Zergling x6  
  102  18:03  Zergling x50  
  128  18:21  Hydralisk x4  
  128  18:22  Hydralisk  
  137  18:49  Hatchery  
  137  18:53  Centrifical Hooks  
  136  18:59  Zergling x2  
  136  19:00  Zergling x4  
  134  19:19  Hydralisk  
  134  19:20  Hydralisk x2  
  139  19:46  Drone x9  
  107  20:08  Hydralisk  
  107  20:09  Hydralisk x3  
  107  20:10  Unknown  
  107  20:13  Unknown x3  
  107  20:19  Hydralisk x2  
Tags
 
Add a new tag
Caveats
  • Supply blocks, unpowered buildings, or Contaminate may cause inaccurate times.
  • Supply counts are checked every 10 seconds.